 Dungeon Crawl Stone Soup version 0.25.0-9-g26727b657a (webtiles) character file.

Game seed: 11598016085157435688

1663 Spark the Cleaver (level 8, 0/71 HPs)
             Began as a Minotaur Berserker on June 20, 2020.
             Was a Priest of Trog.
             Killed from afar by an oklob plant (6 damage)
             ... with a splash of acid
             ... on level 6 of the Dungeon.
             The game lasted 00:46:10 (5831 turns).

Spark the Cleaver (Minotaur Berserker)              Turns: 5831, Time: 00:46:10

Health: 0/71       AC:  7    Str: 26    XL:     8   Next: 69%
Magic:  7/7        EV: 13    Int:  4    God:    Trog [***...]
Gold:   241        SH:  5    Dex: 10    Spells: 7/7 levels left

rFire    . . .     SeeInvis .   a - +3 hand axe
rCold    . . .     Gourm    .   (no shield)
rNeg     . . .     Faith    .   j - +0 ring mail
rPois    .         Spirit   .   (helmet restricted)
rElec    .         Reflect  +   s - +0 cloak
rCorr    .         Harm     .   m - +0 pair of gloves
MR       .....                  k - +1 pair of boots
Stlth    ++........             i - amulet of reflection
HPRegen  0.21/turn              v - ring of stealth
MPRegen  0.10/turn              (no ring)

@: corroded
A: retaliatory headbutt, horns 2, strong 1, evolution 1
a: Berserk, Trog's Hand, Renounce Religion


You were on level 6 of the Dungeon.
You worshipped Trog.
Trog was most pleased with you.
You were not hungry.

You visited 1 branch of the dungeon, and saw 6 of its levels.

You collected 241 gold pieces.

Inventory:

Hand Weapons
 a - a +3 hand axe (weapon)
 n - a +0 hunting sling
Missiles
 e - 46 poisoned darts (quivered)
 g - 115 stones
 h - 23 bolts
 l - 29 sling bullets
Armour
 j - a +0 ring mail (worn)
 k - a +1 pair of boots (worn)
 m - a +0 pair of gloves (worn)
 s - a +0 cloak (worn)
Jewellery
 i - an amulet of reflection (around neck)
 o - an uncursed amulet of regeneration {unknown}
 q - an uncursed ring of positive energy {unknown}
 v - a ring of stealth (left hand)
 w - a +6 ring of strength {unknown}
Scrolls
 d - a scroll of noise
 f - a scroll of fear
 t - 3 scrolls of teleportation
 u - a scroll of identify
Potions
 b - 2 potions of heal wounds
 p - a potion of brilliance {unknown}
Comestibles
 c - 4 rations
 r - 2 chunks of flesh


   Skills:
 + Level 6.4 Fighting
 * Level 10.3 Axes
 + Level 5.5 Armour
 + Level 5.1 Dodging
 + Level 1.0 Stealth


You had 7 spell levels left.
You didn't know any spells.
Your spell library was empty.

Dungeon Overview and Level Annotations

Branches:
Dungeon (6/15)
 Temple: D:4-7

Altars:
Cheibriados
Makhleb
Qazlal
Ru
Sif Muna
Trog
Uskayaw

Annotations:
D:6 exclusion: oklob plant


Innate Abilities, Weirdness & Mutations

You reflexively headbutt those who attack you in melee.
You have a pair of horns on your head.
Your muscles are strong. (Str +2)
You evolve.


Message History

The jelly completely misses you. You furiously retaliate!
You headbutt the jelly!
You kill the jelly!
Trog accepts your kill.
You recover from your berserk rage.
The oklob plant spits acid at you. The splash of acid hits you.
You are splashed with acid!
You hit the oklob plant but do no damage.
You headbutt the oklob plant.
The oklob plant is lightly damaged.
You hit the oklob plant. You headbutt the oklob plant.
The oklob plant is moderately damaged.
The oklob plant spits acid at you. The splash of acid hits you.
* * * LOW HITPOINT WARNING * * *
You are splashed with acid!
* * * LOW HITPOINT WARNING * * *
The oklob plant spits acid at you. The splash of acid hits you.
You die...

..........#
.........##
#.##......####
##*##.#......#
########.# #.#
#####
#.####...###
#.##.....?.#
#..'.@.P...#
####.......#
###...###
#####


You could see an oklob plant.

Vanquished Creatures
  Eustachio (D:5)
  2 phantoms
  A sky beast (D:6)
  2 black bears (D:6)
  3 bullfrogs (D:6)
  A howler monkey (D:4)
  A bullfrog zombie (D:6)
  A crimson imp (D:6)
  4 jellies
  2 orc priests (D:6)
  A bullfrog skeleton (D:4)
  4 hounds
  Terence (D:2)
  Natasha (twice) (D:2)
  3 orc wizards
  2 worker ants (D:4)
  A hound zombie (D:5)
  2 adders
  5 gnolls
  15 oozes (D:6)
  2 adder skeletons (D:4)
  6 worms
  A dart slug (D:2)
  4 leopard geckos
  9 orcs
  A ball python (D:4)
  8 giant cockroaches
  3 goblins
  6 hobgoblins
  8 jackals
  A quokka (D:6)
  4 bats
  A giant cockroach zombie (D:5)
  4 kobolds
  6 rats
118 creatures vanquished.

Vanquished Creatures (others)
  8 fungi (D:6)
8 creatures vanquished.

Grand Total: 126 creatures vanquished

Notes
Turn   | Place    | Note
-------+----------+-------------------------------------------
     0 | D:1      | Spark the Minotaur Berserker began the quest for the Orb.
     0 | D:1      | Reached XP level 1. HP: 19/19 MP: 0/0
   142 | D:1      | Reached XP level 2. HP: 27/27 MP: 1/1
   259 | D:1      | Reached skill level 4 in Axes
   418 | D:1      | You fall into a shaft and drop 1 floor!
  1579 | D:2      | Reached XP level 3. HP: 33/33 MP: 2/2
  1869 | D:2      | Noticed Natasha
  1875 | D:2      | Killed Natasha
  1875 | D:2      | Reached XP level 4. HP: 37/41 MP: 3/3
  1915 | D:2      | Found a hide-covered altar of Uskayaw.
  2006 | D:2      | Noticed Terence
  2018 | D:2      | Killed Terence
  2190 | D:2      | Noticed Natasha
  2195 | D:2      | Killed Natasha
  2195 | D:2      | Reached skill level 5 in Axes
  2464 | D:2      | Found a sacrificial altar of Ru.
  2820 | D:3      | Reached XP level 5. HP: 46/47 MP: 4/4
  3011 | D:3      | Found a shimmering blue altar of Sif Muna.
  3019 | D:3      | Found a stormy altar of Qazlal.
  3127 | D:3      | Found a snail-covered altar of Cheibriados.
  3219 | D:3      | Reached skill level 5 in Fighting
  3240 | D:3      | Reached ** piety under Trog
  3377 | D:3      | Reached skill level 6 in Axes
  3512 | D:4      | Reached XP level 6. HP: 55/56 MP: 5/5
  3611 | D:4      | Reached skill level 7 in Axes
  3723 | D:4      | Found a burning altar of Makhleb.
  3873 | D:4      | Reached XP level 7. HP: 57/61 MP: 6/6
  4096 | D:3      | Gained mutation: You evolve. [potion of mutation]
  4096 | D:3      | Gained mutation: Your muscles are strong. (Str +2) [potion
                  | of mutation]
  4204 | D:5      | Entered Level 5 of the Dungeon
  4857 | D:5      | Noticed Eustachio
  4873 | D:5      | Killed Eustachio
  4873 | D:5      | Reached skill level 8 in Axes
  5116 | D:6      | Found a bloodstained altar of Trog.
  5126 | D:6      | Reached skill level 5 in Armour
  5126 | D:6      | Reached skill level 1 in Stealth
  5137 | D:6      | Reached *** piety under Trog
  5137 | D:6      | Reached XP level 8. HP: 63/69 MP: 7/7
  5176 | D:6      | Reached skill level 9 in Axes
  5604 | D:6      | Reached skill level 5 in Dodging
  5774 | D:6      | Noticed an oklob plant
  5809 | D:6      | Reached skill level 10 in Axes
  5831 | D:6      | Killed from afar by an oklob plant

Illustrated notes

Levels and vault maps discovered:
D:1:      minmay_arrival_open_corners, layout_rooms
D:2:      layout_basic, lemuel_coloured_pillars_altar, lemuel_round_altar,
          minmay_puff, uniq_terence, uniq_natasha
D:3:      layout_loops_cross, cheibriados_altar_1, minitemple, first_ration
D:4:      layout_basic, makhleb_heckhound_becter
D:5:      layout_basic, uniq_eustachio
D:6:      lemuel_slime, layout_cave_pools, trog_ov_bears_minmay

Skill      XL: |  1  2  3  4  5  6  7  8 |
---------------+-------------------------+-----
Axes           | 4 5 6 7 8 10 | 10.3
Fighting       | 4 5 6 |  6.4
Dodging        | 3 4 5 |  5.1
Armour         | 3 5 |  5.5
Stealth        | 1 |  1.0

Action                   |  1- 3 |  4- 6 |  7- 9 || total
-------------------------+-------+-------+-------++-------
Melee: Hand axe          |    62 |   116 |   145 ||   323
       Headbutt          |    12 |    20 |    31 ||    63
Invok: Berserk           |     1 |     2 |     1 ||     4
  Use: Scroll            |     6 |     2 |     4 ||    12
       Potion            |     4 |     3 |     3 ||    10
  Eat: Ration            |     1 |     2 |     2 ||     5
       Chunk             |       |     2 |     1 ||     3
Armor: Animal skin       |    10 |     1 |       ||    11
       Leather armour    |       |     2 |       ||     2
       Ring mail         |       |    25 |    47 ||    72
Dodge: Dodged            |    33 |    65 |   100 ||   198
Block: Other             |     4 |    23 |    27 ||    54
       Reflection        |       |     1 |       ||     1
